 Dungeon Crawl Stone Soup version 0.31-a0-851-g7ff8af7976 (webtiles) character file.

Game seed: 10003318179283087368

31731 lunkers the Black Belt (level 14, -2/122 HPs)
             Began as a Meteoran Shapeshifter on Oct 5, 2023.
             Was an Elder of Ashenzari.
             Slain by a catoblepas (18 damage)
             ... on level 5 of the Lair of Beasts.
             The game lasted 00:23:24 (6537 turns).

lunkers the Black Belt (Meteoran Shapeshifter)      Turns: 6537, Time: 00:23:24

Health: -2/122     AC: 13    Str: 17    XL:     14   Next: 30%
Magic:  15/15      EV: 11    Int: 11    God:    Ashenzari [****..]
Gold:   765        SH:  0    Dex: 19    Spells: 13/13 levels left

rFire   + .          .
                       - Unarmed
rCold   + + .        (shield currently unavailable)
rNeg    . . .        L - +0 acid dragon scales of Ashenzari's Oracle {rCorr, Comp, Fort} (curse)
rPois   .            Q - +0 hat {SInv}
rElec   +            q - +2 cloak "Elysian Augurer" {rElec Regen+, Cun, Melee} (curse)
rCorr   +            (no gloves)
SInv    +            J - +0 pair of boots "Share My Oblivion" {Cun, Melee} (curse)
Will    +....        t - amulet "Cursed Heresy" {RegenMP, Cun, Alch} (curse)
Stlth   +            H - ring "Pangnostic Desperation" {rF+ rC+, Bglg, Alch} (curse)
HPRegen 1.20/turn    z - ring of Curses and Power {rC+, Comp, Fort} (curse)
MPRegen 0.54/turn

%: clarity
@: about to teleport, flux-form, petrifying (expiring), glowing, very slow
A: glow, contaminating, sense surroundings 2, otherworldly, glowing, explore
regen
a: Begin Untransformation, Renounce Religion, Curse Item, Shatter the Chains


You were on level 5 of the Lair of Beasts.
You worshipped Ashenzari.
Ashenzari was greatly pleased with you.
You were something dangerously unstable.
You visited 2 branches of the dungeon, and saw 16 of its levels.
You also visited: Ice Cave.

You collected 765 gold pieces.

Inventory:

Missiles
 x - 5 throwing nets
Armour
 a - a +0 buckler
 q - the cursed +2 cloak "Elysian Augurer" (worn) {rElec Regen+, Cun, Melee}
   (You found it on level 3 of the Dungeon)

   rElec:     It insulates you from electricity.
   Regen+:    It increases your rate of health regeneration.
   It has a curse which improves the following skills: Cunning: Dodging and
   Stealth.
   Melee Combat: Short Blades, Long Blades, Axes, Maces & Flails, Polearms,
   Staves and Unarmed Combat.
 G - +0 steam dragon scales
 J - the cursed +0 pair of boots "Share My Oblivion" (worn) {Cun, Melee}
   (You found it on level 9 of the Dungeon)

   It has a curse which improves the following skills: Cunning: Dodging and
   Stealth.
   Melee Combat: Short Blades, Long Blades, Axes, Maces & Flails, Polearms,
   Staves and Unarmed Combat.
 L - the cursed +0 acid dragon scales of Ashenzari's Oracle (worn) {rCorr, Comp, Fort}
   (You found it on level 10 of the Dungeon)

   rCorr:     It protects you from acid and corrosion.
   It has a curse which improves the following skills: Companions: Summonings
   and Necromancy.
   Fortitude: Armour and Shields.
 Q - a +0 hat of see invisible (worn)
Jewellery
 t - the cursed amulet "Cursed Heresy" (around neck) {RegenMP, Cun, Alch}
   (You found it on level 4 of the Dungeon)

   [amulet of magic regeneration]

   RegenMP:   It increases your rate of magic regeneration.
   It has a curse which improves the following skills: Cunning: Dodging and
   Stealth.
   Alchemy:   Poison Magic and Transmutations.
 z - the cursed ring of Curses and Power (right hand) {rC+, Comp, Fort}
   (You found it on level 5 of the Dungeon)

   [ring of protection from cold]

   rC+:       It protects you from cold.
   It has a curse which improves the following skills: Companions: Summonings
   and Necromancy.
   Fortitude: Armour and Shields.
 E - a +6 ring of dexterity
 H - the cursed ring "Pangnostic Desperation" (left hand) {rF+ rC+, Bglg, Alch}
   (You found it on level 8 of the Dungeon)

   [ring of protection from fire]

   rF+:       It protects you from fire.
   rC+:       It protects you from cold.
   It has a curse which improves the following skills: Beguiling: Conjurations,
   Hexes and Translocations.
   Alchemy:   Poison Magic and Transmutations.
 P - a ring of protection from cold
Talismans
 c - a beast talisman
 d - a flux talisman (active)
 p - a maw talisman
Wands
 l - a wand of quicksilver (3)
 M - a wand of iceblast (2)
 O - a wand of flame (5)
Scrolls
 e - 3 scrolls of fog
 m - 12 scrolls of identify
 n - a scroll of torment
 r - 4 scrolls of immolation
 u - 4 scrolls of teleportation
 v - 2 scrolls of poison
 w - a scroll of vulnerability
 y - a scroll of silence
 B - 3 scrolls of fear
 C - 3 scrolls of revelation
 F - a scroll of brand weapon
 I - a scroll of amnesia
Potions
 b - 2 potions of lignification
 f - 2 potions of ambrosia
 g - 6 potions of heal wounds
 h - a potion of magic
 i - 5 potions of curing
 j - a potion of cancellation
 k - 2 potions of berserk rage
 o - 3 potions of might
 s - 2 potions of brilliance
 A - 3 potions of resistance
 D - 2 potions of mutation
 K - 3 potions of haste
Miscellaneous
 N - a lightning rod (4/4)


   Skills:
 + Level 10.4 Fighting
 + Level 7.5(10.3) Armour
 + Level 10.4(14.0) Dodging
 * Level 17.5(20.0) Unarmed Combat
 + Level 11.2 Shapeshifting


You had 13 spell levels left.
You didn't know any spells.
Your spell library contained the following spells:

 Spells                   Type           Power      Damage    Failure   Level
 Summon Small Mammal      Summ           0%         N/A       36%         1
 Kiss of Death            Conj/Necr      0%         2d5       38%         1
 Foxfire                  Conj/Fire      0%         2x1d4     41%         1
 Blink                    Tloc           0%         N/A       54%         2
 Call Canine Familiar     Summ           0%         N/A       75%         3
 Confusing Touch          Hex            0%         N/A       77%         3
 Ignite Poison            Fire/Tmut/Pois 0%         N/A       77%         3
 Summon Guardian Golem    Hex/Summ       0%         N/A       77%         3
 Dispel Undead            Necr           0%         3d6       98%         4
 Manifold Assault         Tloc           0%         N/A       99%         4
 Sticky Flame             Conj/Fire      0%         2d3       99%         4
 Summon Forest            Summ/Tloc      0%         N/A       100%        5
 Eringya's Noxious Bog    Tmut/Pois      0%         4d6       100%        6
 Plasma Beam              Fire/Air       0%         2x1d10    100%        6
 Starburst                Conj/Fire      0%         6d3       100%        6
 Summon Hydra             Summ           0%         N/A       100%        7
 Ignition                 Fire           0%         3d3       100%        8


Dungeon Overview and Level Annotations

Branches:
Dungeon (11/15) Zot: 1769  Temple (0/1) D:4            Lair (5/5) D:11 Zot: 1902
  Swamp (0/4) Lair:3       Spider (0/4) Lair:3          Orc (0/2) D:11
  IceCv (visited)
  Slime: Lair:4-5

Altars:
Ashenzari
Dithmenos
Makhleb
Ru
Trog
Uskayaw

Shops:
D:3 !   D:9 (=[*   D:11 !


Innate Abilities, Weirdness & Mutations

You are something dangerously unstable.
You glow with magical radiation, making you easy to see and hit.
Foes you strike become dangerously contaminated with magical radiation.
You are incapable of wielding weapons or throwing items.
You passively map the area around you.
You are easily found by Zot.
You glow in the dark.
You regain HP and MP as you explore.


Message History

The wolf is severely wounded.
You are engulfed in calcifying dust.
The catoblepas breathes a plume of calcifying dust at you.
The blast of calcifying dust hits you. The catoblepas gores you!!
* * * LOW HITPOINT WARNING * * *
Unknown command.
Unknown command.
Unknown command.
Unknown command.
You are engulfed in calcifying dust.
Unknown command.
Unknown command.
As you read the scroll of teleportation, it crumbles to dust.
You feel strangely unstable.
You are engulfed in calcifying dust.
You are slowing down.
The wolf is no longer petrified.
The wolf bites you but does no damage. The wolf closely misses you.
The catoblepas gores you!!
* * * LOW HITPOINT WARNING * * *
You hit the wolf but do no damage.
The wolf begins to glow.
The wolf is severely wounded.
You are engulfed in calcifying dust.
The wolf closely misses you. x2
The catoblepas breathes a plume of calcifying dust at you.
The blast of calcifying dust hits the catoblepas but does no damage.
The blast of calcifying dust hits you.
* * * LOW HITPOINT WARNING * * *
The catoblepas breathes a plume of calcifying dust at you.
The blast of calcifying dust hits you.
* * * LOW HITPOINT WARNING * * *
Your limbs are stiffening.
Unknown command.
You punch the wolf!
You kill the wolf!
The wolf bites you but does no damage. The catoblepas gores you!!
* * * LOW HITPOINT WARNING * * *
Unknown command.
Unknown command.
You hit the wolf.
The wolf glows dangerously bright.
The wolf is almost dead.
The wolf bites you but does no damage. The catoblepas gores you!!
You die...

, , ,,,,,,,,* ##.....#....#*
, , ,,,,,,,,,,**
#..........#**
,,,,,,,,,,,,**#..........#
,,,,,,,,,,,,,,*###.......##
,,,,,,,,,,,,,** #........# ,,
,,,,,**,,,,** #.......##*
,,,,,,,******* ##......#.* ,
,.,,,** ### ##.......#*
,...*,#####p#####.†.....#.#*
,...h.#...h#YF..#†......##.,
,..h......Y††...†#.....#..,,
,,.................P....#...,
,,
,.....................P....,
, ,
,.........................,,
,,,
,.........................,
,,,.........................,
,,
,.............#.#........,,,


You could see 2 catoblepae, a cane toad and a wolf (heavy contam).

Vanquished Creatures
  An eleionoma (Lair:3)
  Harold (D:9)
  A hydra (Lair:5)
  2 catoblepae (Lair:1)
  Erica (Lair:2)
  A boulder beetle (Lair:5)
  4 two-headed ogres
  2 bog bodies (IceCv)
  An ugly thing (D:11)
  2 cyclopes
  An ice statue (IceCv)
  A torpor snail (Lair:2)
  An unseen horror (D:11)
  6 komodo dragons
  5 cane toads
  Maggie (D:8)
  3 rime drakes
  An anaconda simulacrum (IceCv)
  A troll (D:11)
  3 blink frogs (Lair:1)
  Grinder (D:6)
  64 yaks
  A dire elephant simulacrum (IceCv)
  2 shadows (D:11)
  5 wyverns
  A basilisk (Lair:1)
  A harpy simulacrum (IceCv)
  An acid dragon (D:10)
  7 water moccasins
  2 hydra simulacra (IceCv)
  A black bear (D:6)
  2 ice beasts
  8 orc warriors
  A sky beast (D:7)
  2 centaurs
  9 wolves
  2 phantoms
  4 kobold brigands
  14 bullfrogs
  2 gnoll sergeants
  A scorpion (D:7)
  2 two-headed ogre simulacra (IceCv)
  3 cane toad simulacra (IceCv)
  4 killer bees (D:9)
  6 howler monkeys
  2 jellies (D:5)
  5 hounds
  6 orc priests
  A sleepcap (D:4)
  8 orc wizards
  5 iguanas
  A spriggan simulacrum (IceCv)
  2 polar bear simulacra (IceCv)
  3 troll simulacra (IceCv)
  2 wolf simulacra (IceCv)
  17 gnolls
  3 naga simulacra (IceCv)
  6 adders
  2 shadow imps
  8 white imps
  3 ufetubi (IceCv)
  18 orcs
  5 bats
  5 endoplasms
  3 giant cockroaches
  7 goblins
  6 hobgoblins
  18 kobolds
  A quokka (D:1)
  2 ball pythons
  2 frilled lizards
  4 rats
330 creatures vanquished.

Notes
Turn   | Place    | Note
-------+----------+-------------------------------------------
     0 | D:1      | lunkers the Meteoran Shapeshifter began the quest for the
                  | Orb.
     0 | D:1      | Reached XP level 1. HP: 16/16 MP: 2/2
    97 | D:1      | Reached skill level 4 in Unarmed Combat
    97 | D:1      | Reached XP level 2. HP: 20/23 MP: 3/3
   342 | D:1      | Reached XP level 3. HP: 24/28 MP: 4/4
   534 | D:2      | Found a faded altar of an unknown god.
   542 | D:2      | Prayed at the altar of an unknown god.
   542 | D:2      | Became a worshipper of Ashenzari the Shackled
   726 | D:2      | Reached XP level 4. HP: 35/35 MP: 5/5
   792 | D:3      | Reached skill level 5 in Unarmed Combat
   819 | D:3      | Found Hockibre's Distillery.
   949 | D:3      | Identified the +2 cloak of the World {rElec Regen+}
  1038 | D:3      | Found a hide-covered altar of Uskayaw.
  1038 | D:3      | Found a burning altar of Makhleb.
  1073 | D:3      | Reached * piety under Ashenzari
  1119 | D:4      | Reached XP level 5. HP: 33/40 MP: 6/6
  1207 | D:4      | Noticed a water moccasin
  1214 | D:4      | Killed a water moccasin
  1215 | D:4      | Reached skill level 6 in Unarmed Combat
  1215 | D:4      | Reached skill level 5 in Shapeshifting
  1215 | D:4      | Reached XP level 6. HP: 41/47 MP: 7/7
  1220 | D:4      | Found a sacrificial altar of Ru.
  1226 | D:4      | Found a shadowy altar of Dithmenos.
  1231 | D:4      | Found a bloodstained altar of Trog.
  1446 | D:4      | Found a staircase to the Ecumenical Temple.
  1455 | D:4      | Reached skill level 7 in Unarmed Combat
  1460 | D:4      | Reached XP level 7. HP: 18/52 MP: 8/8
  1518 | D:5      | Entered Level 5 of the Dungeon
  1521 | D:5      | Noticed a water moccasin
  1531 | D:5      | Killed a water moccasin
  1532 | D:5      | Reached skill level 8 in Unarmed Combat
  1586 | D:5      | Reached ** piety under Ashenzari
  1650 | D:5      | Reached XP level 8. HP: 53/59 MP: 9/9
  1830 | D:6      | Reached skill level 9 in Unarmed Combat
  1947 | D:6      | Noticed Grinder
  1971 | D:6      | Killed Grinder
  1972 | D:6      | Gained mutation: You passively map the area around you.
                  | [Meteoran growth]
  1972 | D:6      | Reached XP level 9. HP: 68/68 MP: 10/10
  2097 | D:6      | Reached skill level 10 in Unarmed Combat
  2271 | D:7      | Identified the +2 mace of a ziggurat {freeze, *Noise rElec
                  | rF+ Str+2}
  2422 | D:7      | Reached *** piety under Ashenzari
  2663 | D:7      | Reached skill level 11 in Unarmed Combat
  3069 | D:8      | Noticed Maggie
  3077 | D:8      | Killed Maggie
  3078 | D:8      | Reached skill level 5 in Dodging
  3078 | D:8      | Reached XP level 10. HP: 70/80 MP: 11/11
  3125 | D:8      | Noticed a two-headed ogre
  3136 | D:8      | Killed a two-headed ogre
  3137 | D:8      | Reached skill level 5 in Fighting
  3144 | D:8      | Reached skill level 12 in Unarmed Combat
  3169 | D:8      | HP: 4/83 [ice beast (5)]
  3186 | D:8      | Identified the ring of Woskafru {rF+ rC+}
  3420 | D:9      | Reached XP level 11. HP: 74/89 MP: 12/12
  3549 | D:9      | Noticed Harold
  3562 | D:9      | Killed Harold
  3563 | D:9      | Reached skill level 13 in Unarmed Combat
  3575 | D:9      | Identified the +4 quarterstaff of Division {antimagic,
                  | rElec Int+3 Dex+2}
  3596 | D:9      | Noticed a two-headed ogre
  3608 | D:9      | Killed a two-headed ogre
  3742 | D:9      | Found Agroenaw's Assorted Antiques.
  3743 | D:9      | Found Urchah Zirch's Armour Emporium.
  3744 | D:9      | Found Muynn's Antique Weapon Emporium.
  3744 | D:9      | Found Ubitz's Jewellery Emporium.
  4127 | D:10     | Entered Level 10 of the Dungeon
  4127 | D:10     | Noticed a cyclops
  4137 | D:10     | Killed a cyclops
  4138 | D:10     | Reached skill level 1 in Armour
  4152 | D:10     | HP: 4/92 [orc warrior/+1 trident of venom (9)]
  4157 | D:10     | HP: 3/92 [poisoned by an orc warrior]
  4235 | D:10     | Noticed a two-headed ogre
  4250 | D:10     | Killed a two-headed ogre
  4251 | D:10     | Reached skill level 14 in Unarmed Combat
  4371 | D:10     | Reached **** piety under Ashenzari
  4389 | D:10     | Noticed a two-headed ogre
  4397 | D:10     | Killed a two-headed ogre
  4548 | D:11     | Reached XP level 12. HP: 101/101 MP: 13/13
  4740 | D:11     | Found a staircase to the Orcish Mines.
  4855 | D:11     | Identified the +2 hand axe "Fetz" {heavy, rC- Int+3 Dex+2}
  4863 | D:11     | Found Sinwadoi's Distillery.
  4963 | D:11     | Found a staircase to the Lair.
  4982 | Lair:1   | Entered Level 1 of the Lair of Beasts
  5009 | Lair:1   | Reached skill level 15 in Unarmed Combat
  5192 | Lair:1   | Noticed a catoblepas
  5195 | Lair:1   | Noticed a catoblepas
  5206 | Lair:1   | Killed a catoblepas
  5207 | Lair:1   | Reached skill level 5 in Armour
  5221 | Lair:1   | Killed a catoblepas
  5222 | Lair:1   | Reached skill level 10 in Shapeshifting
  5227 | Lair:1   | Reached XP level 13. HP: 41/110 MP: 14/14
  5500 | Lair:1   | Reached skill level 16 in Unarmed Combat
  5543 | Lair:1   | Glimpsed the power of Zot.
  5762 | Lair:2   | Noticed Erica
  5786 | Lair:2   | Killed Erica
  5853 | Lair:2   | Reached skill level 10 in Dodging
  5956 | Lair:3   | Reached skill level 10 in Fighting
  5956 | Lair:3   | Reached skill level 17 in Unarmed Combat
  5999 | Lair:3   | Found a staircase to the Swamp.
  5999 | Lair:3   | Noticed an eleionoma
  6012 | Lair:3   | Killed an eleionoma
  6018 | Lair:3   | Reached XP level 14. HP: 121/121 MP: 15/15
  6050 | Lair:4   | Found a frozen archway.
  6095 | IceCv    | Entered an ice cave
  6445 | Lair:5   | Entered Level 5 of the Lair of Beasts
  6537 | Lair:5   | Slain by a catoblepas

Illustrated notes

Levels and vault maps discovered:
D:1:      dpeg_arrival_court, layout_basic, nrook_loot_triangle
D:2:      layout_basic, dreamdust_ecumenical_altar_angels_and_demons
D:3:      layout_basic, gammafunk_temple_overflow_pools, serial_shops,
          nicolae_shop_just_a_little_nook
D:4:      layout_loops_ring, grunt_temple_overflow_opulence,
          minmay_overflow_temple_star_quad, minmay_temple_entry_proselytizer
D:5:      layout_rooms
D:6:      layout_loops_ring, uniq_grinder
D:7:      layout_basic, serial_co_window_serial, co_window_corner_a,
          co_window_of_opportunity_a, co_window_of_opportunity_a,
          co_window_paths_b, co_window_corner_a, co_window_paths_a,
          co_window_of_opportunity_a, co_window_broadway_c, co_window_paths_c,
          co_window_2corner, co_window_of_opportunity_c, co_window_2corner,
          co_window_broadway_c, co_window_2corner, co_window_4corner_b,
          glass_columns_a, glass_columns_a, glass_columns_a,
          hangedman_minor_gate_pass
D:8:      layout_cave_pods, kennysheep_pointless_box, uniq_maggie
D:9:      layout_loops_ring, minmay_shop_grid_forest, uniq_harold
D:10:     layout_cave_pools, dk_yredelemnul_ordeal, dreamdust_mushroom_princess
D:11:     layout_loops_cross, lair_entry_dummy, david_orc_2, serial_shops, shop,
          minmay_misc_feat_four_crosses
Lair:1:   layout_gridlike, minivault_25, chequers_serial_rivers_micro_c,
          beast_lair_carwin_1, grunt_megastairs_5, serial_bayou_shore_a
Lair:2:   layout_loops_ring, infiniplex_staircase_pool, uniq_erica, uniq_urug
Lair:3:   layout_gridlike, alex1729_swamp_entry_worm_eleionoma,
          spider_nest_entry_rubble, lemuel_fruit_fields,
          infiniplex_staircase_pool_2, grunt_megastairs_3, serial_bayou_shore_b
Lair:4:   layout_long_grid, nicolae_slime_entry_slimehenge,
          portal_ice_cave_entry_pillars_2, hangedman_tree_tricks,
          chequers_serial_rivers_large_a, beast_lair_carwin_6
Lair:5:   hangedman_lair_caniforms_friends, layout_hall_layers, wormcave,
          chequers_serial_rivers_marsh

Skill      XL: |  1  2  3  4  5  6  7  8  9 10 11 12 13 14 |
---------------+-------------------------------------------+-----
Unarmed Combat | 4 5 6 7 8 9 11 12 14 15 17 | 17.5
Shapeshifting  | 4 5 6 7 8 9 10 11 | 11.2
Fighting       | 2 4 6 7 8 10 | 10.4
Dodging        | 3 5 6 7 9 10 | 10.4
Armour         | 2 5 7 |  7.5

Action                     |  1- 3 |  4- 6 |  7- 9 | 10-12 | 13-15 || total
---------------------------+-------+-------+-------+-------+-------++-------
  Melee: Unarmed           |    77 |    76 |   232 |   430 |   438 ||  1253
         Punch             |     2 |       |       |       |       ||     2
 Invoke: Curse Item        |     1 |     1 |     3 |     3 |       ||     8
         Shatter the Chain |       |       |       |     2 |       ||     2
    Use: Scroll            |       |       |       |       |     1 ||     1
   Stab: Petrified         |       |       |       |     7 |    10 ||    17
         Petrifying        |       |       |       |     2 |     2 ||     4
 Armour: Animal skin       |    20 |       |       |       |       ||    20
         Scale mail        |    18 |    65 |   159 |   124 |       ||   366
         Acid dragon scale |       |       |       |    78 |   178 ||   256
  Dodge: Dodged            |    56 |    39 |   139 |   249 |   306 ||   789
   Form: Flux              |       |     1 |       |       |       ||     1

Table legend: (Time is in decaauts)
 A = Elapsed time spent in this place.
 B = Non-inter-level travel time spent in this place.
 C = Inter-level travel time spent in this place.
 D = Time resting spent in this place.
 E = Time spent auto-exploring this place.
 F = Levels seen in this place.
 G = Mean time per level.
                   A        B        C        D        E       F      G
               +--------+--------+--------+--------+--------+-----+--------+
         Total |   6203 |   6147 |     56 |      0 |   3541 |  17 |  364.9 |
       Dungeon |   4830 |   4774 |     56 |      0 |   3256 |  11 |  439.1 |
          Lair |   1096 |   1096 |      0 |      0 |    285 |   5 |  219.2 |
      Ice Cave |    276 |    276 |      0 |      0 |      0 |   1 |  276.0 |
               +--------+--------+--------+--------+--------+-----+--------+

Top non-repeatable levels by time:
     D:9: 726 daAuts
     D:8: 654 daAuts
  Lair:1: 548 daAuts
     D:7: 456 daAuts
    D:11: 433 daAuts
     D:4: 417 daAuts
     D:6: 406 daAuts
     D:1: 378 daAuts
    D:10: 366 daAuts
     D:2: 362 daAuts
     D:3: 341 daAuts
  Lair:2: 286 daAuts
     D:5: 285 daAuts
   IceCv: 276 daAuts
  Lair:4: 110 daAuts
